Nash, lawful male human Knight ------- ------- |`...>| +.....| |..^.`| ----------- #|.....| |.....| #...........######......| |@....| --.--- ###|.........| ##|.....| -.--|-- |....| # |.........+#%####....._| |....| ### ----------- # #|.....| .)..$| # ### ------- |....| ### # ---)-- # # `# # ### -------------# # # # |............#### ### ### |...........|# # ----- # #### # |...........| ##-.?*| -|---------|----# #-%..........| |..!| |...............#########------------- |..*| |.........^...<| ----- ----.----------- Nash the Gallant Experience level: 2 Strength: 14 Dexterity: 9 Constitution: 16 Intelligence: 9 Wisdom: 15 Charisma: 17 Health: 0(21) Energy: 13(13) Def: 8 Gold: 382 Moves: 1670 Dungeon seed: wWTbAtnkLnfA8sxs Game ID: Nash_1575900005 Your Inventory: Coins $ - 382 gold pieces Weapons a - a corroded +1 long sword (weapon in hand) b - a +1 lance Armor n - an uncursed +0 helmet (being worn) q - a blessed +0 small shield r - an uncursed +0 pair of leather gloves (being worn) y - an uncursed +0 dwarvish mithril-coat (being worn) Comestibles c - 11 uncursed apples Scrolls g - 2 uncursed scrolls of light h - an uncursed scroll of amnesia Rings i - an uncursed +1 ring of increase damage Wands f - a wand of slow monster (0:6) m - a wand of slow monster (0:6) Tools l - an uncursed skeleton key Spells and supernatural/magical abilities: Name Level Category Fail Memory W - pray for help -- divine ? -- X - turn undead -- divine ? -- Y - supernatural jump -- ability ? -- Your skills at the end: Fighting Skills riding [Basic] Weapon Skills long sword [Basic] lance [Basic] Spellcasting Skills Final Attributes: You were piously aligned. You could jump. You were lucky. You are dead. Vanquished creatures: a little dog 2 iguanas an acid blob a large kobold 2 giant rats 4 garter snakes 4 geckos 7 jackals a kobold 11 grid bugs a newt 35 creatures vanquished. Voluntary challenges: You followed a strict vegan diet. You were an atheist. You used a wielded weapon 25 times, starting on turn 126. You were illiterate. You never genocided any monsters. You never polymorphed an object. You never changed form. You used no wishes. You never split a pudding. You never wrote Elbereth's name. You never violated your personal moral code. Dungeon overview: The Dungeons of Doom: levels 1 to 5 Level 1 a fountain a long staircase Level 2 Level 3 <- You were here a general store, an altar to Manannan Mac Lir Level 4 some fountains Level 5 History has recorded: On T:1 you entered the Dungeons of Doom to retrieve the Amulet of Yendor! On T:240 you reached level 2 of The Dungeons of Doom. On T:538 you reached level 3 of The Dungeons of Doom. On T:789 you reached level 4 of The Dungeons of Doom. On T:917 you advanced to experience level 2. On T:1185 you reached level 5 of The Dungeons of Doom. Score breakdown: Gold: 382 ( 8787 points) Experience: 2 levels ( 5570 points) Exploration: 5 levels ( 10.42%) ( 8751 points) Discoveries: 0 items ( 0.00%) ( 0 points) Valuables value: (no points given unless you survive) Artifact value: 0 ( 0 points) Variety of kills: 11 monsters ( 2.89%) ( 5097 points) Turncount: 1670 turns ( 0 points) Survival: died (score multiplied by 80%) Total score: 22564 Latest messages: You manage to look away just in time; but that disturbs your aim, and you miss. You hear a door open. George misses the iguana. (2x) The iguana bites George. George hits the iguana. George bites the iguana. George hits the iguana. The iguana is killed! George misses the floating eye. (2x) George is frozen by the floating eye's gaze! George doesn't seem to move! You stop. George is in the way! George doesn't seem to move! You displace George. You can't go down here. (2x) $ - 3 gold pieces. Click! You trigger a rolling boulder trap! You are hit by a boulder. You hear the chime of a cash register. Click! You trigger a rolling boulder trap! You are hit by a boulder. You die... Final status: Fare thee well Nash the Knight, killed by a boulder... You died in The Dungeons of Doom on dungeon level 3 with 22564 points, and 382 pieces of gold, after 1670 moves. You were level 2 with a maximum of 21 hit points when you died.